AoeStats
← Bo Xilai stan

Arena

509250362Analyzed
2v2 RM · 5d ago on Sep 26, 2026· 58m 8s· 4 players
Game mode
Random Map
Map size
Medium (4 player)
Population
200
Speed
Normal
Resources
Standard
Victory
Conquest
Starting age
Dark Age
Ending age
Imperial Age
RankedLock teamsTeams togetherTeam positionsShared explorationLock speedFull tech treeHidden civsTurbo modeCheats
Victory
Defeat
🇺🇸 Romans · United States
965
+17
🇺🇸 Goths · United States
962
+16
🇺🇸 Sicilians · United States
989
-17
🇺🇸 Romans · United States
968
-16
AirPerrone
8:01 Loom
10:09 Feudal Age
11:02 Man-at-Arms
11:55 Scale Mail Armor
13:59 Forging
18:28 Fletching
23:05 Horse Collar
23:13 Double-Bit Axe
28:10 Castle Age
27:34 Gold Mining
29:39 Wheelbarrow
28:28 Long Swordsman
29:10 Squires
29:29 Heavy Plow
30:09 Chain Mail Armor
30:32 Iron Casting
32:49 Stone Mining
35:04 Hand Cart
39:43 Gold Shaft Mining
39:22 Bow Saw
44:02 Imperial Age
42:07 Caravan
42:59 Ballistas
44:33 Heavy Scorpion
46:19 Chemistry
46:01 Legionary
48:55 Blast Furnace
48:01 Scale Barding Armor
50:14 Elite Centurion
52:56 Siege Engineers
55:27 Comitatenses
Yelmite
11:28 Feudal Age
15:34 Castle Age
13:48 Double-Bit Axe
15:15 Scale Mail Armor
17:14 Squires
18:23 Forging
19:08 Horse Collar
24:00 Gold Mining
25:37 Loom
29:36 Anarchy
29:55 Heavy Plow
30:26 Bow Saw
34:57 Chain Mail Armor
35:18 Iron Casting
37:29 Imperial Age
36:36 Light Cavalry
37:27 Bloodlines
37:17 Husbandry
39:14 Chemistry
39:02 Ballistics
38:33 Fletching
39:45 Blast Furnace
38:50 Scale Barding Armor
39:26 Wheelbarrow
38:36 Town Watch
38:18 Hussar
41:01 Chemistry
42:09 Caravan
44:03 Chain Barding Armor
50:25 Cavalier
Bo Xilai stan
6:35 Loom
9:57 Feudal Age
32:51 Castle Age
41:30 Town Watch
47:50 Fletching
51:30 Imperial Age
50:55 Town Patrol
51:31 Wheelbarrow
51:31 Bodkin Arrow
52:09 Padded Archer Armor
54:14 Heavy Mounted Crossbowman
54:33 Cranequins
55:16 Gold Mining
56:32 Bracer
58:03 Ballistics
58:45 Chemistry
Officer Friendly
12:01 Feudal Age
16:03 Castle Age
13:38 Man-at-Arms
14:41 Double-Bit Axe
15:38 Horse Collar
17:16 Loom
19:12 Forging
18:42 Long Swordsman
23:43 Iron Casting
26:54 Scale Mail Armor
27:55 Chain Mail Armor
28:27 Heavy Plow
30:36 Wheelbarrow
32:28 Hand Cart
35:50 Imperial Age
36:21 Ballistas
38:22 Blast Furnace
37:14 Fletching
37:12 Legionary
37:51 Town Watch
38:38 Heavy Scorpion
40:32 Town Patrol
46:08 Ballistics
48:25 Pikeman
55:09 Comitatenses
Connection lost

Rejoining the realm…

Still unreachable

The connection could not be restored.

Session expired

The server has moved on; the page needs a fresh start.